AoeStats
← Jan_Rui

Arena

509888285Analyzed
4v4 RM · 5d ago on Sep 28, 2026· 39m 0s· 8 players
Game mode
Random Map
Map size
Large (8 player)
Population
200
Speed
Normal
Resources
Standard
Victory
Conquest
Starting age
Dark Age
Ending age
Imperial Age
RankedLock teamsTeams togetherTeam positionsShared explorationLock speedFull tech treeHidden civsTurbo modeCheats
Victory
Defeat
🇪🇸 Cumans · Spain
1140
+12
🇪🇸 Berbers · Spain
1103
+14
🇨🇴 Lithuanians · Colombia
1061
+16
🇦🇷 Britons · Argentina
1045
+16
🇨🇳 Mongols · China
1092
-16
🇹🇼 Turks · Taiwan
1065
-15
🇹🇼 Burgundians · Taiwan
1044
-14
🇹🇼 Persians · Taiwan
1020
-13
Dobytravieso
9:52 Feudal Age
10:59 Double-Bit Axe
16:31 Castle Age
15:26 Gold Mining
18:16 Forging
18:25 Husbandry
23:41 Wheelbarrow
23:33 Bow Saw
23:07 Horse Collar
24:19 Bloodlines
25:12 Stone Mining
26:04 Ballistics
26:23 Fletching
26:33 Padded Archer Armor
29:57 Iron Casting
29:17 Bodkin Arrow
29:38 Leather Archer Armor
29:32 Town Watch
31:46 Thumb Ring
34:37 Imperial Age
33:17 Hand Cart
32:48 Loom
35:24 Heavy Plow
35:59 Ring Archer Armor
35:29 Bracer
34:52 Elite Genitour
34:59 Heavy Camel Rider
36:29 Conscription
37:44 Chemistry
39:43 Gold Shaft Mining
39:44 Stone Shaft Mining
39:13 Maghrebi Camels
Bolea99
10:21 Feudal Age
10:37 Man-at-Arms
12:21 Forging
12:01 Loom
14:54 Scale Mail Armor
15:22 Horse Collar
18:35 Wheelbarrow
24:05 Castle Age
22:26 Double-Bit Axe
23:03 Stone Mining
24:18 Capped Ram
25:11 Fletching
25:25 Pikeman
26:06 Squires
26:35 Gold Mining
27:59 Iron Casting
27:21 Bodkin Arrow
29:17 Hand Cart
30:12 Padded Archer Armor
30:46 Chain Mail Armor
32:07 Leather Archer Armor
32:50 Elite Skirmisher
34:34 Thumb Ring
34:50 Bow Saw
34:53 Heavy Plow
39:53 Imperial Age
Jan_Rui
11:20 Feudal Age
12:44 Wheelbarrow
16:36 Castle Age
14:44 Double-Bit Axe
14:40 Horse Collar
15:16 Gold Mining
19:59 Loom
23:10 Heavy Plow
24:04 Scale Barding Armor
25:52 Hand Cart
26:03 Chain Barding Armor
25:53 Forging
28:28 Husbandry
28:38 Bloodlines
29:05 Iron Casting
28:41 Town Watch
30:36 Redemption
31:01 Fervor
31:11 Sanctity
32:47 Stone Mining
36:42 Imperial Age
36:43 Cavalier
37:59 Plate Barding Armor
37:07 Treadmill Crane
37:48 Ballistics
38:29 Chemistry
38:56 Paladin
Jimmy Jay
11:25 Feudal Age
15:10 Castle Age
13:23 Double-Bit Axe
14:27 Stone Mining
14:23 Horse Collar
16:43 Wheelbarrow
16:30 Bow Saw
22:30 Gold Mining
24:19 Fletching
24:46 Padded Archer Armor
25:11 Bodkin Arrow
25:47 Masonry
26:21 Leather Archer Armor
26:31 Ballistics
30:06 Imperial Age
27:36 Loom
30:40 Yeomen
32:01 Chemistry
31:02 Bracer
31:22 Guilds
31:54 Gold Shaft Mining
32:15 Conscription
32:13 Elite Longbowman
34:59 Ring Archer Armor
35:01 Architecture
xnbhdx
5:31 Double-Bit Axe
6:42 Horse Collar
11:17 Feudal Age
12:56 Bow Saw
15:34 Castle Age
14:48 Heavy Plow
17:12 Husbandry
17:14 Cavalier
19:31 Gold Mining
23:55 Scale Barding Armor
28:27 Two-Man Saw
28:34 Chain Barding Armor
29:52 Wheelbarrow
32:27 Gold Shaft Mining
31:43 Stone Mining
34:45 Imperial Age
33:41 Crop Rotation
33:37 Forging
34:57 Iron Casting
35:27 Burgundian Vineyards
35:49 Conscription
35:43 Paladin
36:24 Light Cavalry
37:44 Plate Barding Armor
38:53 Chemistry
37:33 Treadmill Crane
38:14 Ballistics
TURTLE KING
10:36 Feudal Age
14:44 Castle Age
12:49 Double-Bit Axe
21:01 Imperial Age
22:36 Horse Collar
24:21 Fletching
26:56 Loom
29:56 Bodkin Arrow
31:08 Gold Mining
32:12 Ballistics
33:20 Thumb Ring
35:57 Wheelbarrow
35:07 Town Watch
36:07 Bombard Tower
aaron.su210
11:06 Feudal Age
15:02 Castle Age
13:30 Double-Bit Axe
13:46 Horse Collar
16:17 Bow Saw
21:41 Wheelbarrow
23:32 Hand Cart
28:15 Imperial Age
25:46 Loom
28:48 Husbandry
29:00 Bloodlines
28:53 Gold Mining
28:54 Stone Mining
30:55 Chemistry
30:16 Ballistics
30:07 Scale Barding Armor
30:13 Forging
30:46 Heavy Plow
33:09 Iron Casting
32:55 Chain Barding Armor
32:22 Cavalier
35:13 Blast Furnace
34:05 Fletching
34:15 Padded Archer Armor
34:16 Scale Mail Armor
33:50 Elite Skirmisher
34:52 Caravan
35:32 Conscription
36:36 Savar
_xy_2252
11:18 Feudal Age
12:44 Wheelbarrow
15:52 Castle Age
13:56 Double-Bit Axe
13:52 Horse Collar
24:00 Loom
28:35 Coinage
30:06 Bow Saw
30:29 Gold Mining
31:05 Hand Cart
32:03 Gold Shaft Mining
Connection lost

Rejoining the realm…

Still unreachable

The connection could not be restored.

Session expired

The server has moved on; the page needs a fresh start.